Map: [ESL] Cosmic Sapphire

Players

Nina

  • Race: Protoss Protoss
  • Spawn Location: 5:00

Lambo - Winner!

  • Race: Zerg Zerg
  • Spawn Location: 11:00

Event: DreamHack SC2 Masters 2022 Atlanta (Offline)

VOD

Have the link to the VOD?

Description

Time

  • Played on: Nov. 18, 2022, 3:09 p.m.
  • Length: 16:13

All games in this series

Show
View Real Time Build Order
Export as new Build Order

Nina Protoss 

Build Orders: 1 Gate Expand, Oracle Opening 

Get SALT Encoding   

  12  0:00  Probe  
  13  0:12  Probe  
  14  0:20  Pylon  
  14  0:24  Probe  
  15  0:38  Probe (Chrono Boost)  
  15  0:39  Gateway  
  16  0:47  Probe (Chrono Boost)  
  17  0:51  Assimilator  
  17  0:52  Probe (Chrono Boost)  
  19  1:04  Probe  
  19  1:16  Probe  
  20  1:24  Nexus  
  20  1:34  Cybernetics Core  
  20  1:36  Probe  
  21  1:41  Assimilator  
  21  1:48  Probe  
  21  1:51  Pylon  
  22  2:00  Probe (Chrono Boost)  
  23  2:10  Adept  
  23  2:12  Probe (Chrono Boost)  
  26  2:15  Stargate  
  26  2:20  Probe (Chrono Boost)  
  27  2:24  Warp Gate  
  28  2:30  Probe (Chrono Boost)  
  28  2:36  Probe (Chrono Boost)  
  29  2:40  Adept  
  29  2:43  Probe (Chrono Boost)  
  32  2:46  Probe (Chrono Boost)  
  34  2:51  Probe (Chrono Boost)  
  34  2:54  Probe (Chrono Boost)  
  34  2:56  Probe (Chrono Boost)  
  36  2:59  Oracle (Chrono Boost)  
  36  3:03  Probe  
  40  3:08  Probe  
  40  3:09  Pylon  
  41  3:15  Probe  
  42  3:20  Probe  
  43  3:27  Probe  
  43  3:32  Oracle (Chrono Boost), Probe  
  46  3:37  Adept  
  46  3:39  Gateway, Probe  
  49  3:44  Probe  
  49  3:47  Pylon  
  50  3:51  Probe  
  50  3:56  Probe  
  50  3:58  Twilight Council  
  50  3:59  Nexus  
  50  4:00  Pylon  
  51  4:03  Probe  
  52  4:11  Probe  
  52  4:12  Gateway  
  52  4:15  Probe, Assimilator  
  52  4:16  Oracle (Chrono Boost)  
  54  4:19  Assimilator  
  57  4:24  Probe  
  57  4:25  Gateway  
  57  4:28  Probe  
  57  4:31  Zealot  
  61  4:36  Probe (Chrono Boost)  
  62  4:42  Blink  
  62  4:43  Pylon  
  62  4:51  Pylon  
  62  4:54  Pylon  
  62  4:59  Probe (Chrono Boost)  
  62  5:01  Shield Battery, Probe  
  62  5:05  Stalker x2  
  68  5:11  Probe  
  68  5:13  Probe (Chrono Boost)  
  70  5:17  Pylon  
  70  5:22  Stalker x2  
  70  5:25  Probe (Chrono Boost)  
  70  5:27  Forge  
  73  5:29  Probe (Chrono Boost)  
  73  5:33  Probe (Chrono Boost)  
  73  5:34  Probe (Chrono Boost)  
  75  5:38  Probe (Chrono Boost), Stalker x2  
  75  5:40  Probe (Chrono Boost)  
  81  5:44  Probe (Chrono Boost)  
  81  5:49  Stalker x2  
  87  5:50  Probe (Chrono Boost)  
  87  5:52  Probe (Chrono Boost)  
  87  5:54  Probe (Chrono Boost)  
  87  5:55  Probe (Chrono Boost)  
  89  5:57  Protoss Ground Weapons Level 1 (Chrono Boost)  
  89  6:02  Pylon  
  89  6:03  Stalker x2  
  93  6:09  Probe  
  93  6:10  Probe x2  
  96  6:11  Assimilator  
  96  6:13  Assimilator  
  96  6:15  Stalker x2  
  100  6:24  Nexus  
  100  6:27  Probe, Stalker  
  100  6:30  Stalker  
  100  6:32  Probe  
  106  6:35  Probe  
  107  6:41  Pylon  
  107  6:51  Templar Archives  
  107  6:52  Probe x3  
  107  6:53  Gateway  
  110  6:54  Gateway  
  110  6:55  Gateway  
  110  6:59  Stalker x2  
  114  7:04  Probe  
  105  7:16  Stalker x2  
  105  7:20  Probe  
  105  7:21  Psionic Storm  
  108  7:24  Stalker x2  
  109  7:31  Probe  
  109  7:34  Gateway  
  109  7:36  Gateway  
  110  7:38  Probe  
  110  7:40  Zealot  
  110  7:43  High Templar  
  115  7:47  Nexus  
  115  7:48  High Templar x3  
  115  7:49  Photon Cannon  
  121  7:53  Pylon  
  121  7:55  Shield Battery, High Templar x2  
  121  7:57  Charge  
  125  8:01  Photon Cannon  
  125  8:09  Pylon  
  125  8:10  Oracle (Chrono Boost), Pylon  
  128  8:14  Pylon  
  128  8:20  Photon Cannon, Pylon  
  128  8:21  Probe  
  128  8:22  High Templar  
  128  8:23  High Templar  
  133  8:27  Pylon  
  133  8:28  Zealot x5  
  143  8:34  Photon Cannon  
  143  8:35  Stalker x2  
  143  8:36  Photon Cannon  
  143  8:38  Pylon  
  143  8:40  Pylon  
  147  8:50  Stalker x3  
  147  8:51  Stalker x2  
  147  8:54  Oracle  
  160  9:01  Probe  
  161  9:05  Stalker x3  
  155  9:11  Stalker  
  155  9:14  Stalker x2  
  155  9:16  Shield Battery  
  144  9:26  Stalker x3  
  144  9:31  Stalker x3  
  154  9:32  Probe (Chrono Boost)  
  154  9:38  Probe x2 (Chrono Boost)  
  157  9:42  Robotics Facility  
  157  9:44  Photon Cannon  
  157  9:46  Probe (Chrono Boost)  
  157  9:48  Probe (Chrono Boost)  
  157  9:49  Assimilator  
  157  9:52  Assimilator  
  159  9:54  High Templar  
  159  9:55  High Templar  
  159  9:56  Zealot  
  159  9:57  Photon Cannon  
  159  9:58  Protoss Ground Weapons Level 2 (Chrono Boost)  
  159  9:59  Photon Cannon  
  165  10:00  Archon  
  165  10:05  Photon Cannon  
  165  10:08  Zealot x2  
  167  10:25  Photon Cannon  
  167  10:27  Nexus  
  167  10:30  High Templar x2  
  167  10:34  Archon  
  169  10:36  Zealot x6  
  178  10:43  Stalker  
  180  10:54  Nexus, Pylon  
  178  10:58  Pylon  
  178  10:59  Stalker x4  
  183  11:06  Stalker  
  183  11:07  Stalker x3  
  187  11:14  Archon  
  181  11:19  Zealot  
  173  11:31  High Templar x3  
  173  11:32  High Templar x3  
  159  11:38  Zealot x2  
  151  11:41  Robotics Facility  
  151  11:42  Shield Battery, Photon Cannon  
  151  11:43  Zealot  
  151  11:44  Observer  
  149  11:48  Probe  
  149  11:50  Photon Cannon x2  
  149  11:51  Photon Cannon  
  149  11:54  Photon Cannon  
  150  11:55  Photon Cannon  
  150  12:01  Gateway  
  150  12:03  Gateway  
  150  12:05  Zealot x5  
  158  12:10  Zealot x2  
  162  12:16  Observer  
  162  12:17  Zealot x2  
  139  12:30  Zealot x2  
  139  12:31  Zealot x2  
  144  12:46  Zealot x4  
  144  12:50  Probe  
  153  12:56  Stalker x3  
  155  12:59  High Templar x4  
  155  13:03  Observer x2  
  163  13:08  Zealot x4  
  163  13:10  Pylon  
  167  13:19  Zealot x3  
  143  13:34  High Templar x6  
  143  13:36  Immortal  
  143  13:38  Zealot  
  143  13:40  Archon x3  
  152  13:42  Immortal  
  160  13:53  Probe (Chrono Boost)  
  165  13:56  Unknown, Probe x2 (Chrono Boost)  
  165  13:57  Probe (Chrono Boost)  
  165  13:58  Probe (Chrono Boost)  
  166  14:03  High Templar x2  
  166  14:04  Probe (Chrono Boost)  
  170  14:11  Photon Cannon  
  170  14:12  Zealot x5  
  176  14:22  Zealot x3  
  174  14:26  Zealot  
  161  14:33  Zealot x3  
  161  14:34  Zealot x2  
  164  14:42  Zealot x3  
  165  14:50  Zealot x2  
  167  14:59  Zealot x3  
  152  15:14  High Templar x7  
  156  15:16  Zealot  
  156  15:19  Archon  
  156  15:20  Archon x2  
  168  15:21  Observer  
  172  15:29  Probe (Chrono Boost)  
  172  15:34  Probe x2 (Chrono Boost)  
  176  15:38  Zealot  
  176  15:40  Probe (Chrono Boost)  
  178  15:49  Zealot x2  
  177  15:50  Zealot x2  
  104  16:08  Zealot x4  
Show
View Real Time Build Order
Export as new Build Order

Lambo Zerg - Winner!

Build Orders: Hatch First, Lurkers 

Get SALT Encoding   

  12  0:00  Drone  
  13  0:13  Overlord  
  13  0:17  Drone  
  14  0:31  Drone x2  
  16  0:47  Hatchery  
  15  0:51  Drone  
  15  0:54  Drone  
  17  0:58  Drone  
  18  1:08  Extractor  
  17  1:13  Spawning Pool  
  17  1:16  Drone  
  17  1:19  Drone  
  18  1:28  Drone  
  19  1:39  Drone  
  20  1:50  Drone  
  21  1:59  Queen x2  
  21  2:00  Zergling x2, Overlord  
  26  2:10  Drone  
  26  2:11  Drone  
  26  2:12  Metabolic Boost  
  28  2:22  Drone x2  
  30  2:31  Hatchery  
  30  2:33  Drone  
  30  2:38  Drone  
  30  2:42  Drone  
  32  2:44  Overlord  
  32  2:49  Queen  
  34  2:53  Zergling x2  
  34  2:54  Zergling x2  
  36  3:04  Queen  
  38  3:08  Overlord  
  38  3:11  Drone x4  
  42  3:19  Overlord  
  42  3:24  Drone  
  43  3:33  Drone  
  43  3:34  Queen, Drone  
  45  3:40  Overlord  
  47  3:41  Spore Crawler  
  47  3:42  Drone  
  47  3:43  Drone  
  47  3:44  Drone x2  
  47  3:47  Drone x2  
  51  3:51  Queen  
  51  3:54  Drone  
  53  3:56  Drone  
  53  3:57  Drone  
  55  4:05  Overlord  
  55  4:06  Drone x3  
  58  4:10  Evolution Chamber  
  58  4:11  Drone x2  
  58  4:15  Drone  
  58  4:16  Drone x3  
  58  4:17  Spore Crawler  
  62  4:22  Drone  
  63  4:25  Drone  
  63  4:28  Drone  
  63  4:30  Baneling Nest  
  64  4:33  Overlord  
  64  4:34  Drone  
  64  4:38  Drone x3, Hatchery  
  64  4:43  Zergling x6  
  70  4:45  Drone x2  
  70  4:48  Zergling x6  
  70  4:51  Extractor  
  73  4:53  Drone  
  73  4:54  Spore Crawler, Queen  
  73  4:57  Overlord  
  75  5:00  Zerg Melee Weapons Level 1  
  75  5:06  Overlord  
  75  5:07  Drone x5  
  80  5:14  Overlord  
  80  5:15  Zergling x8  
  83  5:26  Drone x3  
  86  5:28  Drone x2  
  86  5:29  Drone  
  86  5:31  Hatchery  
  86  5:32  Hatchery  
  86  5:33  Lair  
  86  5:34  Drone  
  86  5:35  Drone x2  
  90  5:37  Extractor x2  
  90  5:39  Overlord  
  90  5:41  Drone x2  
  89  5:44  Extractor  
  89  5:45  Drone, Extractor  
  89  5:47  Roach Warren, Overlord  
  89  5:49  Drone  
  88  5:51  Overlord  
  88  5:56  Zergling x10  
  92  6:03  Zergling x6  
  95  6:07  Drone x3  
  95  6:11  Zergling x4  
  100  6:14  Overlord  
  100  6:18  Overlord  
  100  6:20  Overlord  
  100  6:21  Zergling x6, Queen  
  100  6:23  Drone  
  105  6:26  Overlord  
  105  6:28  Drone  
  105  6:29  Drone  
  105  6:31  Drone  
  108  6:33  Zergling x2  
  108  6:35  Zergling x6  
  108  6:37  Centrifugal Hooks  
  108  6:38  Glial Reconstitution  
  111  6:40  Zergling x2  
  111  6:45  Drone x7  
  117  6:52  Zergling x4  
  120  6:54  Zergling x6  
  120  6:56  Drone  
  120  6:57  Drone x2  
  120  6:58  Spore Crawler  
  124  7:06  Zergling x14  
  129  7:12  Zergling x4  
  129  7:13  Zergling x4  
  129  7:14  Zerg Melee Weapons Level 2  
  128  7:17  Queen  
  128  7:19  Zergling x4, Roach x4  
  140  7:25  Zergling x4  
  140  7:28  Drone x2  
  139  7:35  Drone x6  
  144  7:39  Infestation Pit  
  144  7:42  Drone x3  
  144  7:43  Evolution Chamber  
  147  7:44  Spore Crawler, Roach x7  
  147  7:45  Spine Crawler  
  167  7:51  Roach x5, Spine Crawler  
  167  7:55  Overlord  
  167  7:56  Roach  
  167  7:57  Roach  
  172  7:59  Drone  
  172  8:04  Overlord  
  173  8:06  Overlord  
  173  8:08  Overlord  
  173  8:10  Overlord  
  173  8:12  Zerg Missile Weapons Level 1  
  172  8:13  Overlord  
  172  8:14  Zergling x8, Hydralisk Den  
  172  8:17  Hatchery  
  172  8:18  Drone, Hive  
  172  8:19  Drone x2  
  174  8:23  Zergling x6, Roach  
  174  8:24  Zergling x8  
  183  8:28  Baneling x6  
  183  8:29  Ravager x2  
  183  8:30  Zergling x4, Ravager x4  
  183  8:31  Zergling x2  
  183  8:32  Baneling x3  
  183  8:33  Baneling x2  
  192  8:36  Zergling x8, Drone  
  192  8:38  Baneling  
  192  8:39  Baneling  
  197  8:42  Zergling x4  
  197  8:44  Baneling x5  
  197  8:45  Overlord  
  197  8:47  Baneling x5  
  198  8:50  Overlord  
  198  8:51  Zergling x2  
  198  8:52  Overlord  
  198  8:53  Overlord  
  198  8:55  Baneling x7, Overlord  
  193  8:56  Overlord  
  193  8:58  Zergling x4  
  193  8:59  Zergling x2  
  194  9:05  Overlord  
  194  9:06  Zergling x8  
  194  9:08  Zergling x14  
  195  9:14  Zergling x16  
  189  9:20  Zergling x6  
  164  9:25  Drone x2  
  164  9:26  Drone  
  164  9:27  Extractor, Lurker Den  
  164  9:28  Extractor  
  164  9:30  Roach x3  
  163  9:32  Roach x2  
  163  9:34  Unknown  
  163  9:35  Hydralisk x3  
  163  9:36  Roach  
  163  9:38  Muscular Augments  
  172  9:39  Drone x2  
  172  9:41  Hydralisk, Extractor  
  172  9:43  Baneling x13  
  174  9:47  Zergling x2  
  174  9:48  Zergling x6  
  174  9:49  Baneling x3  
  178  9:55  Drone x3  
  178  9:57  Baneling  
  178  9:58  Zergling x12  
  178  9:59  Pneumatized Carapace  
  187  10:00  Overseer  
  187  10:01  Overseer  
  187  10:03  Baneling x2  
  187  10:04  Zergling x10  
  192  10:08  Zerg Missile Weapons Level 2  
  192  10:09  Drone x3  
  196  10:14  Zergling x8  
  196  10:20  Zergling x2  
  199  10:21  Spine Crawler  
  199  10:22  Overlord  
  199  10:24  Seismic Spines  
  199  10:25  Overlord  
  199  10:26  Spire  
  195  10:42  Zergling x26  
  199  10:45  Zerg Melee Weapons Level 3  
  193  10:50  Zergling x14  
  193  10:54  Baneling x7  
  193  10:56  Zergling x4  
  198  10:59  Zergling x2  
  198  11:00  Baneling x7  
  197  11:05  Zergling x2  
  197  11:06  Zergling x8  
  197  11:08  Lurker x2  
  196  11:11  Zergling x10  
  196  11:15  Baneling x17  
  196  11:16  Roach x3  
  190  11:19  Roach x3  
  190  11:21  Adaptive Talons  
  190  11:25  Roach x4  
  194  11:28  Roach  
  194  11:29  Roach x2  
  194  11:31  Roach x2  
  174  11:35  Zergling x4  
  174  11:37  Roach x2  
  173  11:41  Zergling x6  
  176  11:48  Drone x4  
  176  11:50  Hydralisk, Extractor  
  176  11:54  Ravager  
  182  11:55  Ravager  
  182  11:57  Drone x3  
  182  11:58  Drone  
  182  11:59  Spine Crawler  
  182  12:00  Hydralisk x2  
  190  12:03  Hatchery  
  188  12:13  Zergling x14  
  192  12:25  Zergling x10  
  192  12:28  Zergling x16  
  197  12:32  Hatchery, Overlord  
  195  12:38  Overlord  
  195  12:43  Hydralisk x4  
  198  12:49  Zerg Missile Weapons Level 3  
  196  12:51  Lurker x3  
  196  12:53  Zergling x10  
  196  12:58  Hydralisk x3  
  189  13:00  Baneling x3  
  189  13:01  Baneling x3  
  189  13:03  Zergling x10  
  196  13:08  Hydralisk x2  
  196  13:09  Hydralisk  
  188  13:14  Hydralisk x3  
  188  13:19  Lurker x2  
  192  13:20  Lurker  
  192  13:23  Zerg Ground Armor Level 1  
  192  13:24  Zergling x2  
  192  13:25  Zergling x18  
  195  13:36  Grooved Spines, Zerg Flyer Weapons Level 1  
  195  13:38  Lurker x4  
  196  13:41  Zergling x8  
  196  13:43  Lurker  
  198  13:50  Lurker  
  198  13:53  Overlord  
  199  14:01  Drone, Spine Crawler x2  
  199  14:02  Spore Crawler, Overlord  
  197  14:03  Baneling x5, Spine Crawler  
  197  14:04  Overlord  
  197  14:05  Lurker  
  197  14:06  Lurker  
  198  14:14  Overlord  
  198  14:15  Hydralisk  
  198  14:20  Hydralisk x4  
  195  14:28  Hydralisk x6  
  197  14:32  Hydralisk  
  197  14:33  Zergling x4  
  197  14:37  Baneling x6  
  198  14:44  Hydralisk  
  198  14:45  Zergling x4  
  198  14:52  Lurker  
  198  14:53  Lurker x2  
  198  14:55  Overlord  
  180  15:02  Lurker x8  
  174  15:09  Hydralisk  
  174  15:10  Zergling x28  
  183  15:16  Roach x8  
  183  15:21  Overseer  
  199  15:25  Extractor  
  199  15:26  Extractor  
  199  15:28  Overlord  
  196  15:29  Spore Crawler  
  196  15:31  Overlord  
  196  15:34  Overlord  
  195  15:43  Overlord  
  195  15:47  Hydralisk x2  
  195  15:48  Zergling x2  
  195  15:49  Baneling x6  
Tags
 
Add a new tag
Caveats
  • Supply blocks, unpowered buildings, or Contaminate may cause inaccurate times.
  • Supply counts are checked every 10 seconds.